 Dungeon Crawl Stone Soup version 0.20.0-1-g1cb1d84 (webtiles) character file.

73 Gorglomux the Digger (level 4, -12/30 HPs)
             Began as a Barachi Earth Elementalist on May 26, 2017.
             Mangled by an ogre
             ... wielding a +0 giant club
              (18 damage)
             ... on level 4 of the Dungeon.
             The game lasted 00:02:28 (2649 turns).

Gorglomux the Digger (Barachi Earth Elementalist)   Turns: 2649, Time: 00:02:28

Health: -12/30     AC:  2    Str: 10    XL:     4   Next: 27%
Magic:  6/9        EV: 12    Int: 16    God:
Gold:   79         SH:  0    Dex: 12    Spells: 5/9 levels left

rFire    . . .     SeeInvis .   l - +2 dagger (venom)
rCold    . . .     Gourm    .   (no shield)
rNeg     . . .     Faith    .   c - +0 robe
rPois    .         Spirit   .   (no helmet)
rElec    .         Reflect  .   (no cloak)
rCorr    .         Harm     .   (no gloves)
MR       .....                  (no boots)
Stlth    +.........             (no amulet)
Regen    0.1/turn               k - ring of loudness (curse)
MPRegen  0.2/turn               (no ring)

@: slow
A: +LOS, swims, slowness 1, strong legs 1
a: Hop


You were on level 4 of the Dungeon.
You were not hungry.

You visited 1 branch of the dungeon, and saw 4 of its levels.

You collected 79 gold pieces.

Inventory:

Hand Weapons
 i - a +0 dagger
 l - a +2 dagger of venom (weapon)
Missiles
 b - 123 stones (quivered)
Armour
 c - a +0 robe (worn)
Jewellery
 k - a cursed ring of loudness (left hand)
Scrolls
 m - 2 scrolls of remove curse {unknown}
 n - a scroll of immolation {unknown}
 S - a scroll of fog {unknown}
 T - 2 scrolls of identify {unknown}
 U - a scroll of recharging {unknown}
 W - a scroll of blinking {unknown}
 X - 2 scrolls of teleportation {unknown}
 Y - a scroll of enchant armour {unknown}
Potions
 o - a potion of berserk rage {unknown}
 Q - a potion of curing
 V - a potion of brilliance {unknown}
Books
 e - a book of Geomancy

   Spells                             Type                      Level
   a - Sandblast                      Earth                        1
   b - Passwall                       Transmutation/Earth          2
   c - Stone Arrow                    Conjuration/Earth            3
   d - Petrify                        Transmutation/Earth          4
   e - Lee's Rapid Deconstruction     Earth                        5
Comestibles
 d - 2 bread rations
 h - 3 royal jellies
 z - a meat ration


   Skills:
 - Level 2.1 Dodging
 - Level 1.7 Stealth
 + Level 3.3 Spellcasting
 + Level 0.9 Conjurations
   Level 1.1 Transmutations
 + Level 4.0 Earth Magic


You had 5 spell levels left.
You knew the following spells:

 Your Spells              Type           Power        Failure   Level  Hunger
a - Sandblast             Erth           ###...       3%          1    None
b - Stone Arrow           Conj/Erth      ##....       19%         3    ###....


Dungeon Overview and Level Annotations

Branches:
Dungeon (4/15)
 Temple: D:4-7

Altars:


Innate Abilities, Weirdness & Mutations

Shadows flee at your approach. (+LOS)
You can swim through water.
You cover ground slowly.
You can hop short distances.


Message History

Aiming: Sandblast
Press: ? - help, Shift-Dir - straight line, f/p - ogre
Aim: an ogre, wielding a giant club (moderately wounded, poisoned)
The blast of sand hits the ogre.
The ogre is severely wounded.
b - 124 stones The ogre hits you with a giant club!!
Ouch! That really hurt!
* * * LOW HITPOINT WARNING * * *
Casting: Sandblast
Confirm with . or Enter, or press ? or * to list all spells.
Aiming: Sandblast
Press: ? - help, Shift-Dir - straight line, f/p - ogre
Aim: an ogre, wielding a giant club (severely wounded, poisoned)
The blast of sand hits the ogre.
The ogre is almost dead.
b - 123 stones The ogre hits you with a giant club!!
Ouch! That really hurt!
You die...

#.....#.# #
#..##.#.#
#.#<....#.# #
#.#######.# #. #
#.........#
#$#.####
#.#.....### ..
...# #.###.#####
#.##.#####.#
#......
###.#.O@.......#
#######
..........#######
####.###### #


You could see an ogre.

Vanquished Creatures
  An adder (D:2)
  An ooze (D:2)
  2 worms (D:2)
  2 dart slugs (D:1)
  2 leopard geckos (D:2)
  A ball python (D:1)
  8 goblins
  7 hobgoblins
  2 quokkas (D:2)
  5 bats
  2 frilled lizards (D:1)
  4 kobolds
  10 rats
47 creatures vanquished.

Notes
Turn   | Place    | Note
-------+----------+-------------------------------------------
     0 | D:1      | Gorglomux the Barachi Earth Elementalist began the quest for the Orb.
     0 | D:1      | Reached XP level 1. HP: 13/13 MP: 3/3
   528 | D:1      | Reached XP level 2. HP: 17/19 MP: 3/5
   649 | D:1      | Reached skill level 3 in Spellcasting
   857 | D:1      | Reached XP level 3. HP: 24/24 MP: 7/7
  1397 | D:2      | Learned a level 3 spell: Stone Arrow
  1761 | D:2      | Reached XP level 4. HP: 23/30 MP: 9/9
  1935 | D:2      | Reached skill level 4 in Earth Magic
  2643 | D:4      | Noticed an ogre
  2649 | D:4      | Mangled by an ogre

Skill      XL: |  1  2  3  4 |
---------------+-------------+-----
Spellcasting   | 3 |  3.3
Earth Magic    | 4 |  4.0
Dodging        | |  2.1
Stealth        | |  1.7
Conjurations   | |  0.9
Transmutations | |  1.1

Action                   |  1- 3 |  4- 6 || total
-------------------------+-------+-------++-------
Melee: Dagger            |    68 |    11 ||    79
       Unarmed           |     9 |       ||     9
 Cast: Sandblast         |    18 |    18 ||    36
       Stone Arrow       |     2 |       ||     2
  Use: Potion            |     1 |       ||     1
 Stab: Sleeping          |     1 |       ||     1
  Eat: Chunk             |     4 |     3 ||     7
Armor: Robe              |    11 |     6 ||    17
Dodge: Dodged            |    53 |    13 ||    66
